 Dungeon Crawl Stone Soup version 0.21.1-72-gffa868e0fe (webtiles) character file.

2755 originalK the Cleaver (level 9, -1/82 HPs)
             Began as a Hill Orc Fighter on Aug 3, 2018.
             Slain by a two-headed ogre
             ... wielding a +0 giant spiked club
              (23 damage)
             ... on level 8 of the Dungeon.
             The game lasted 00:29:40 (8058 turns).

originalK the Cleaver (Hill Orc Fighter)            Turns: 8058, Time: 00:29:40

Health: -1/82      AC: 17    Str: 29    XL:     9   Next: 68%
Magic:  9/9        EV:  6    Int:  8    God:
Gold:   230        SH: 12    Dex: 11    Spells: 8/8 levels left

rFire    . . .     SeeInvis .   a - +0 war axe
rCold    . . .     Gourm    .   c - +0 shield
rNeg     . . .     Faith    .   L - +0 plate armour
rPois    .         Spirit   .   C - +1 hat
rElec    .         Reflect  .   o - +0 cloak
rCorr    .         Harm     .   H - +0 pair of gloves
MR       .....                  (no boots)
Stlth    ..........             (no amulet)
HPRegen  0.23/turn              F - +3 ring of strength
MPRegen  0.11/turn              (no ring)

@: mighty
A: no striking features
a: no special abilities


You were on level 8 of the Dungeon.
You were not hungry.

You visited 1 branch of the dungeon, and saw 8 of its levels.

You collected 373 gold pieces.
You spent 143 gold pieces at shops.

Inventory:

Hand Weapons
 a - a +0 war axe (weapon)
Missiles
 q - 2 throwing nets (quivered)
 w - 22 tomahawks
Armour
 c - a +0 shield (worn)
 o - a +0 cloak (worn)
 C - a +1 hat (worn)
 H - a +0 pair of gloves (worn)
 L - a +0 plate armour (worn)
Jewellery
 F - a +3 ring of strength (left hand)
Wands
 B - a wand of flame (24)
 D - a wand of digging (10)
 I - a wand of disintegration (14)
Scrolls
 b - a scroll of random uselessness {unknown}
 e - 8 scrolls of identify
 j - 3 scrolls of fog {unknown}
 l - 2 scrolls of remove curse {unknown}
 n - a scroll of magic mapping {unknown}
 r - a scroll of blinking {unknown}
 s - 2 scrolls of amnesia {unknown}
 t - a scroll of fear {unknown}
 v - 2 scrolls of enchant armour {unknown}
 x - 2 scrolls of immolation {unknown}
 y - 4 scrolls of teleportation {unknown}
 G - a scroll of enchant weapon {unknown}
 K - 2 scrolls of torment {unknown}
Potions
 g - 3 potions of cancellation {unknown}
 h - 4 potions of curing
 i - a potion of magic {unknown}
 k - a potion of ambrosia {unknown}
 m - a potion of brilliance {unknown}
 p - 2 potions of berserk rage {unknown}
 z - a potion of flight {unknown}
 A - 4 potions of mutation {unknown}
 E - a potion of agility {unknown}
 J - a potion of resistance {unknown}
Books
 u - a book of Minor Magic

   Spells                             Type                      Level
   a - Magic Dart                     Conjuration                  1
   b - Blink                          Translocation                2
   c - Call Imp                       Summoning                    2
   d - Slow                           Hexes                        2
   e - Conjure Flame                  Conjuration/Fire             3
   f - Mephitic Cloud                 Conjuration/Poison/Air       3
Comestibles
 f - 5 rations
 M - a chunk of flesh


   Skills:
 + Level 8.5 Fighting
 + Level 9.2 Axes
 + Level 7.8 Armour
 - Level 0.2 Dodging
 - Level 0.5 Stealth
 + Level 7.6 Shields


You had 8 spell levels left.
You didn't know any spells.

Dungeon Overview and Level Annotations

Branches:
Dungeon (8/15)             Temple (0/1) D:6
   Lair: D:8-11

Altars:
Cheibriados
Elyvilon
Qazlal
Xom
The Shining One

Shops:
D:4 [   D:5 [

Annotations:
D:8 Joseph, Prince Ribbit


Message History

The two-headed ogre hits you but does no damage.
You slice Joseph!!
Joseph is severely wounded.
Your plate armour prevents you from hitting the two-headed ogre.
Joseph hits you with an uncursed quarterstaff of protection!
* * * LOW HITPOINT WARNING * * *
Your plate armour prevents you from hitting Joseph.
Joseph is severely wounded.
You slash the two-headed ogre! You block the two-headed ogre's attack.
The two-headed ogre hits you with a giant club!
* * * LOW HITPOINT WARNING * * *
You block Joseph's attack.
You feel better.
The two-headed ogre hits you but does no damage. x2
You block Joseph's attack.
You closely miss Joseph.
Joseph is severely wounded.
You slash the two-headed ogre! Joseph hits you but does no damage.
The two-headed ogre hits you with a giant spiked club!!
You die...

..# #.# #.# #.#
#.##########..
#.#.#........... ...
#.#>..@.()...... ...
#p#@#........... ...
#[#@#..........# #.#
#.#O#........(.# #.#
#####.#.#..........# #.#
#.....#.#..........#
#.####'##....#..........#
#..........###..%........
#..........# #########
#..........# #.......)..#


You could see Joseph and a two-headed ogre.

Vanquished Creatures
  Pikel (D:8)
  Sigmund (D:5)
  A wyvern (D:8)
  Edmund (D:6)
  Duvessa (D:5)
  An orc warrior (D:7)
  A sky beast (D:6)
  A phantom (D:7)
  A necrophage (D:8)
  3 ogres (D:7)
  2 centaurs
  A bullfrog (D:8)
  Blork the orc (D:6)
  Dowan (D:5)
  A howler monkey (D:6)
  2 crimson imps
  A hound (D:7)
  A jelly (D:5)
  2 orc priests (D:7)
  A bullfrog skeleton (D:6)
  8 worker ants
  An iguana (D:6)
  2 hound skeletons
  A worker ant zombie (D:8)
  A howler monkey skeleton (D:6)
  9 gnolls
  12 adders
  A shadow imp (D:5)
  2 oozes
  3 worms (D:4)
  5 dart slugs
  6 leopard geckos
  10 orcs
  6 bats
  5 giant cockroaches
  8 goblins
  8 hobgoblins
  11 jackals
  5 kobolds
  2 quokkas
  4 ball pythons
  6 frilled lizards
  A leopard gecko skeleton (D:4)
  A quokka skeleton (D:6)
  3 rats
146 creatures vanquished.

Vanquished Creatures (others)
  2 slaves (D:8)
  An ogre (D:8)
  2 hound skeletons (D:8)
  A gnoll (D:8)
6 creatures vanquished.

Grand Total: 152 creatures vanquished

Notes
Turn   | Place    | Note
-------+----------+-------------------------------------------
     0 | D:1      | originalK the Hill Orc Fighter began the quest for the Orb.
     0 | D:1      | Reached XP level 1. HP: 19/19 MP: 1/1
   132 | D:1      | Reached XP level 2. HP: 27/27 MP: 2/2
   140 | D:1      | Reached skill level 3 in Axes
   729 | D:2      | Reached XP level 3. HP: 33/33 MP: 3/3
  1092 | D:2      | Reached skill level 4 in Axes
  1204 | D:2      | Found a glowing golden altar of the Shining One.
  1210 | D:2      | Found a shimmering altar of Xom.
  1210 | D:2      | Found a snail-covered altar of Cheibriados.
  1216 | D:2      | Reached XP level 4. HP: 40/40 MP: 4/4
  1219 | D:2      | Found a stormy altar of Qazlal.
  1821 | D:2      | Reached XP level 5. HP: 30/47 MP: 5/5
  2129 | D:3      | Found a white marble altar of Elyvilon.
  2569 | D:4      | Reached skill level 5 in Axes
  3017 | D:4      | Found Gipuadd's Armour Shop.
  3027 | D:4      | Bought a +1 hat for 143 gold pieces
  3164 | D:4      | Reached XP level 6. HP: 55/55 MP: 6/6
  3348 | D:5      | Entered Level 5 of the Dungeon
  3351 | D:5      | Noticed Duvessa
  3352 | D:5      | Noticed Dowan
  3362 | D:5      | Killed Duvessa
  3362 | D:5      | Reached skill level 5 in Fighting
  3376 | D:5      | Killed Dowan
  3543 | D:5      | Reached skill level 5 in Armour
  3581 | D:5      | Reached XP level 7. HP: 59/61 MP: 7/7
  3597 | D:5      | Noticed Sigmund
  3615 | D:5      | Killed Sigmund
  3615 | D:5      | Reached skill level 6 in Axes
  3927 | D:5      | Reached skill level 5 in Shields
  4453 | D:5      | Found Basmiuh's Antique Armour Shop.
  4497 | D:6      | Noticed Edmund
  4522 | D:6      | Killed Edmund
  4558 | D:6      | Reached XP level 8. HP: 43/70 MP: 8/8
  4962 | D:6      | Noticed Blork the orc
  4977 | D:6      | Reached skill level 7 in Axes
  4991 | D:6      | Killed Blork the orc
  5419 | D:6      | Found a staircase to the Ecumenical Temple.
  6604 | D:7      | Reached skill level 8 in Axes
  6604 | D:7      | Reached XP level 9. HP: 73/79 MP: 9/9
  7160 | D:7      | Paralysed by fainting for 10 turns
  7176 | D:7      | Paralysed by fainting for 12 turns
  7474 | D:8      | Noticed Pikel
  7487 | D:8      | Killed Pikel
  7738 | D:8      | Reached skill level 9 in Axes
  7990 | D:8      | Noticed Prince Ribbit
  8030 | D:8      | Noticed Joseph
  8050 | D:8      | Noticed a two-headed ogre
  8058 | D:8      | Slain by a two-headed ogre

Skill      XL: |  1  2  3  4  5  6  7  8  9 |
---------------+----------------------------+-----
Axes           | 3 4 5 6 8 9 |  9.2
Fighting       | 4 5 6 7 8 |  8.5
Armour         | 4 5 6 7 |  7.8
Shields        | 4 5 6 7 |  7.6
Dodging        | |  0.2
Stealth        | |  0.5

Action                   |  1- 3 |  4- 6 |  7- 9 || total
-------------------------+-------+-------+-------++-------
Melee: War axe           |    64 |   198 |   337 ||   599
Throw: Throwing net      |       |     1 |       ||     1
  Use: Scroll            |       |       |     2 ||     2
       Potion            |       |       |     2 ||     2
  Eat: Chunk             |       |     8 |     5 ||    13
       Ration            |       |       |     3 ||     3
Armor: Scale mail        |    30 |   107 |    79 ||   216
       Plate armour      |       |       |    64 ||    64
Dodge: Dodged            |    27 |    76 |    79 ||   182
Block: Shield            |    40 |   119 |   147 ||   306
